 Dungeon Crawl Stone Soup version bcrawl-1.35.4c (webtiles) character file.

Game seed: 13788148490287994102

188799 SneedManIsMyWife the Chopper (level 5, 0/33 HPs)
             Began as a Skeleton Fighter on Feb 7, 2022.
             Was an Initiate of Makhleb.
             Slain by an orc wizard
             ... wielding a +0 dagger
              (1 damage)
             ... on level 4 of the Dungeon.
             The game lasted 00:02:10 (1648 turns).

SneedManIsMyWife the Chopper (Skeleton Fighter)     Turns: 1648, Time: 00:02:11

Health: 0/33       AC: 10    Str: 23      XL:     5   Next: 14%
Magic:  0/5        EV:  6    Int:  6 (7)  God:    Makhleb [......]
Gold:   54         SH:  9    Dex:  7 (8)  Spells: 4/4 levels left

rFire    . . .     SeeInvis .   a - +0 war axe
rCold    + . .     Gourm    .   c - +0 medium shield
rNeg     + + +     Faith    .   b - +0 scale mail
rPois    ∞         Spirit   +   f - +0 helmet
rElec    .         Reflect  .   (no cloak)
rCorr    .                      g - +0 pair of gloves
MR       .....                  i - +0 pair of boots
Stlth    ..........             (no amulet)
HPRegen  0.11/turn              (no ring)
MPRegen  0.09/turn              (no ring)

@: no status effects
A: no food or potions, cold resistance 1, deterioration 1, negative energy
resistance 3, torment resistance, unbreathing, magic shield, sturdy frame 1,
spell healing
a: Renounce Religion


You were on level 4 of the Dungeon.
You worshipped Makhleb.
Makhleb was noncommittal.
You were not hungry.

You visited 2 branches of the dungeon, and saw 5 of its levels.

You collected 54 gold pieces.

Inventory:

Hand Weapons
 a - a +0 war axe (weapon)
 e - a cursed -3 war axe
   (You took it off an orc on level 4 of the Dungeon)
Missiles
 k - 41 poisoned tomahawks (quivered)
Armour
 b - a +0 scale mail (worn)
 c - a +0 medium shield (worn)
 f - a +0 helmet (worn)
   (You found it on level 1 of the Dungeon)
 g - a +0 pair of gloves (worn)
   (You found it on level 1 of the Dungeon)
 i - a +0 pair of boots (worn)
   (You found it on level 3 of the Dungeon)
Scrolls
 d - a scroll of amnesia
 h - a scroll of remove curse {unknown}
 j - a scroll of fear {unknown}
 t - a scroll of teleportation


   Skills:
 + Level 4.1 Fighting
 * Level 5.5 Axes
 - Level 3.2 Armour
 - Level 3.6 Shields


You had 4 spell levels left.
You didn't know any spells.
Your spell library contained the following spells:

 Spells                   Type           Power        Failure   Level  Hunger
 Apportation              Tloc           #.....       100%        1    N/A
 Infusion                 Chrm           #.......     100%        1    N/A
 Sandblast                Erth           #.....       100%        1    N/A
 Slow                     Hex            #.......     100%        1    N/A
 Summon Butterflies       Summ           #.......     100%        1    N/A

Dungeon Overview and Level Annotations

Branches:
Dungeon (4/12)             Temple (1/1) D:4

Altars:
Cheibriados
Dithmenos
Elyvilon
Fedhas
Gozag
Hepliaklqana
Kikubaaqudgha
Lugonu
Makhleb
Nemelex Xobeh
Okawaru
Ru
Sif Muna
Trog
Uskayaw
Vehumet
Xom
Yredelemnul
Zin


Innate Abilities, Weirdness & Mutations

You do not eat or drink.
You are immune to poison.
Your flesh is cold resistant. (rC+)
Your body sometimes deteriorates upon taking damage.
You are immune to negative energy. (rN+++)
You are immune to unholy pain and torment.
You can survive without breathing.
When hurt, damage is shared between your health and your magic reserves.
Your movements are slightly less encumbered by armour. (ER -2)
Casting spells heals you.


Message History

You see here a cursed -3 war axe.
e - a cursed -3 war axe Something hits you but does no damage.
Something hits you but does no damage. Something hits you but does no damage.
You hear some strange, mumbled words.
A puff of flame appears from out of thin air!
You block the puff of flame.
Things that are here:
a +0 flail; an orc corpse You miss something.
Something hits you.
You closely miss something. Something hits you but does no damage.
You closely miss something. Something hits you but does no damage.
You hear some strange, mumbled words.
A puff of flame appears from out of thin air!
The puff of flame hits you.
You miss something.
You hear some strange, mumbled words.
A puff of flame appears from out of thin air!
The puff of flame hits you!
Your body deteriorates!
You feel dopey.
You miss something.
You hear some strange, mumbled words.
Something tries to affect you, but you resist.
You closely miss something.
You hear some strange, mumbled words.
Something tries to affect you, but you resist.
Something hits you but does no damage.
Your shield and scale mail prevent you from hitting something.
Something hits you.
Your shield and scale mail prevent you from hitting something.
You hear some strange, mumbled words.
A puff of flame appears from out of thin air!
The puff of flame hits you.
You miss something.
You hear some strange, mumbled words.
A puff of flame appears from out of thin air!
The puff of flame hits you.
* * * LOW HITPOINT WARNING * * *
You closely miss something.
You hear some strange, mumbled words.
Something tries to affect you, but you resist.
Your shield prevents you from hitting something.
Something hits you but does no damage.
You hear some strange, mumbled words.
A puff of flame appears from out of thin air!
The puff of flame hits you but does no damage.
You miss something. You block something's attack.
You closely miss something.
You hear some strange, mumbled words.
Something tries to affect you, but you resist.
Something hits you but does no damage.
You hit something.
You hear some strange, mumbled words.
Something tries to affect you, but you resist.
You aren't carrying any items that you can evoke.
Okay, then.
Throwing (i - inventory)
k - 42 poisoned tomahawks (quivered)
Press: ? - help, Shift-Dir - straight line You throw a poisoned tomahawk.
Something hits you.
* * * LOW HITPOINT WARNING * * *
You closely miss something. Something hits you but does no damage.
You hear some strange, mumbled words.
Something tries to affect you, but you resist.
You closely miss something. Something hits you but does no damage.
You closely miss something. Something hits you but does no damage.
You slash something!
Something hits you but does no damage. x2
You miss something.
You hear some strange, mumbled words.
You are confused.
You barely miss something. Something hits you but does no damage.
You hear some strange, mumbled words.
A magic dart appears from out of thin air!
The magic dart hits you but does no damage.
You're too confused to move!
Something hits you but does no damage.
You bump into the rock wall.
An orc wizard appears from thin air!
Reactivating autopickup.
The orc wizard hits you but does no damage.
You feel less confused. The orc wizard casts a spell at you.
The magic dart hits you.
* * * LOW HITPOINT WARNING * * *
Your body deteriorates!
You feel clumsy.
You closely miss the orc wizard.
The orc wizard is almost dead.
The orc wizard gestures at you while chanting.
The magic dart hits you.
* * * LOW HITPOINT WARNING * * *
You closely miss the orc wizard.
The orc wizard is almost dead.
You block the orc wizard's attack.
You barely miss the orc wizard.
The orc wizard is almost dead.
The orc wizard hits you with a +0 dagger.
* * * LOW HITPOINT WARNING * * *
You block the orc wizard's attack.
Your shield prevents you from hitting the orc wizard.
The orc wizard is almost dead.
The orc wizard hits you with a +0 dagger.
You die...

###.###..#......
#.......####....
#.###..## ## #+
#...###
#.....###
#...<...##
#...)....#
#.o.>....#
#.@.....##
#.......#
#.......#
#.......#
#......##
#(.....#
#......#
......##


You could see an orc wizard.

Vanquished Creatures
  2 orc priests
  A worker ant (D:3)
  2 adders
  3 worms
  A dart slug (D:1)
  2 leopard geckos
  6 orcs
  2 giant cockroaches
  2 goblins (D:1)
  A bat (D:1)
  3 frilled lizards
  3 kobolds
  2 rats
30 creatures vanquished.

Notes
Turn   | Place    | Note
-------+----------+-------------------------------------------
     0 | D:1      | SneedManIsMyWife the Skeleton Fighter began the quest for
                  | the Orb.
     0 | D:1      | Reached XP level 1. HP: 14/14 MP: 1/1
   297 | D:1      | Reached skill level 3 in Axes
   462 | D:2      | Reached XP level 2. HP: 19/19 MP: 2/2
   740 | D:2      | Reached XP level 3. HP: 21/23 MP: 3/3
   878 | D:2      | Found a hazy altar of Hepliaklqana.
   989 | D:3      | Reached skill level 4 in Axes
  1106 | D:3      | Reached XP level 4. HP: 29/29 MP: 4/4
  1146 | D:3      | Reached skill level 5 in Axes
  1288 | D:3      | Reached skill level 4 in Fighting
  1401 | D:4      | Found a staircase to the Ecumenical Temple.
  1416 | Temple   | Entered the Ecumenical Temple
  1574 | Temple   | Became a worshipper of Makhleb the Destroyer
  1606 | D:4      | Reached XP level 5. HP: 27/33 MP: 3/5
  1644 | D:4      | HP: 4/33 [orc wizard/magic dart (4)]
  1645 | D:4      | HP: 1/33 [orc wizard/magic dart (3)]
  1648 | D:4      | Slain by an orc wizard

Skill      XL: |  1  2  3  4 |
---------------+-------------+-----
Axes           | 3 4 5 |  5.5
Fighting       | 4 |  4.1
Armour         | |  3.2
Shields        | |  3.6

Action                   |  1- 3 |  4- 6 || total
-------------------------+-------+-------++-------
Melee: War axe           |    80 |    54 ||   134
Throw: Tomahawk          |       |     1 ||     1
  Use: Scroll            |     1 |     1 ||     2
Armor: Scale mail        |    40 |    28 ||    68
Dodge: Dodged            |    20 |     4 ||    24
Block: Medium shield     |    39 |    12 ||    51

Levels and vault maps discovered:
D:1:      minmay_arrival_four_houses, layout_basic
D:2:      cheibrodos_old_hovel, layout_basic, marbit_many_paths,
          nzn_wu_jian_contemplation, nemelex_spade_bored_becter
D:3:      layout_loops_ring, okawaru_ov_weapons_minmay, uniq_crazy_yiuf_cottage
D:4:      wander_river, layout_cave_pods, lemuel_round_altar,
          minmay_temple_entry_grid, serial_column_ruins,
          column_ruins_circle_medium, column_ruins_grid_1,
          column_ruins_open_tiny, column_ruins_grid_1, column_ruins_open_small,
          column_ruins_columns_straight, lightli_corner_chamber
Temple:   mainiacjoe_temple_coin_purse

Table legend:
 A = Turns spent in this place as a percentage of turns spent in the entire game.
 B = Non-inter-level travel turns spent in this place as a percentage of non-inter-level travel turns spent in the entire game.
 C = Inter-level travel turns spent in this place as a percentage of turns spent in this place.
 D = Turns resting spent in this place as a percentage of non-inter-level travel turns spent in this place.
 E = Turns spent auto-exploring this place as a percentage of non-inter-level travel turns spent in this place.
 F = Non-inter-level travel turns spent in this place divided by the number of levels of this place that you've seen.
                   A       B       C       D       E      F
               +-------+-------+-------+-------+-------+----------------------
         Total | 100.0 | 100.0 |   5.0 |   4.5 |  77.8 | 313.2
       Dungeon |  89.7 |  90.8 |   3.8 |   4.9 |  75.7 | 355.5
        Temple |  10.3 |   9.2 |  15.3 |   0.0 |  97.9 | 144.0
               +-------+-------+-------+-------+-------+----------------------

Table legend:
 A = Kills in this place as a percentage of kills in entire the game.
 B = Kills by you in this place as a percentage of kills by you in the entire game.
 C = Kills by friends in this place as a percentage of kills by friends in the entire game.
 D = Other kills in this place as a percentage of other kills in the entire game.
 E = Experience gained in this place as a percentage of experience gained in the entire game.
 F = Experience gained in this place divided by the number of levels of this place that you have seen.
                   A       B       C       D       E      F
               +-------+-------+-------+-------+-------+----------------------
         Total | 100.0 | 100.0 |   N/A |   N/A | 100.0 |  44.4
       Dungeon | 100.0 | 100.0 |   N/A |   N/A | 100.0 |  55.5
               +-------+-------+-------+-------+-------+----------------------
